AoeStats
← LA AMIGA FEA

Lombardia

509922730Analyzed
3v3 RM · 4d ago on Sep 28, 2026· 54m 47s· 6 players
Game mode
Random Map
Map size
Normal (6 player)
Population
200
Speed
Normal
Resources
Standard
Victory
Conquest
Starting age
Dark Age
Ending age
Imperial Age
RankedLock teamsTeams togetherTeam positionsShared explorationLock speedFull tech treeHidden civsTurbo modeCheats
Victory
Defeat
🇪🇸 Magyars · Spain
1036
+10
🇪🇸 Vikings · Spain
829
+18
🇪🇸 Goths · Spain
753
+32
🇨🇳 Jurchens · China
933
-19
🇨🇳 Persians · China
900
-17
🇨🇳 Inca · China
820
-14
RaiserGL
3:52 Loom
12:24 Feudal Age
14:09 Double-Bit Axe
14:07 Horse Collar
19:06 Castle Age
19:09 Wheelbarrow
18:26 Man-at-Arms
19:21 Forging
19:39 Long Swordsman
20:46 Gold Mining
22:12 Scale Mail Armor
23:07 Elite Skirmisher
23:59 Stone Mining
26:24 Bow Saw
26:19 Heavy Plow
27:55 Iron Casting
28:43 Hand Cart
28:06 Pikeman
30:27 Stone Shaft Mining
31:06 Anarchy
32:45 Chain Mail Armor
36:10 Imperial Age
33:50 Squires
36:41 Two-Handed Swordsman
36:41 Halberdier
39:27 Town Watch
40:53 Ballistics
40:29 Murder Holes
41:34 Chemistry
42:00 Elite Huskarl
42:41 Perfusion
50:58 Blast Furnace
50:09 Town Patrol
53:52 Spies/Treason
LA AMIGA FEA
3:45 Loom
10:31 Feudal Age
11:38 Horse Collar
11:45 Double-Bit Axe
15:34 Wheelbarrow
15:31 Bloodlines
17:37 Gold Mining
20:59 Castle Age
19:35 Scale Barding Armor
21:48 Heavy Plow
21:54 Husbandry
22:19 Chain Barding Armor
22:15 Bow Saw
26:35 Hand Cart
34:53 Imperial Age
35:05 Cavalier
36:23 Plate Barding Armor
36:33 Paladin
38:21 Two-Man Saw
37:52 Crop Rotation
41:25 Gold Shaft Mining
40:42 Stone Mining
42:37 Town Watch
44:29 Town Patrol
45:40 Fletching
47:06 Conscription
51:02 Bodkin Arrow
52:12 Chemistry
53:33 Bracer
53:57 Ballistics
xDakaaH
0:28 Loom
12:17 Feudal Age
17:01 Fletching
18:53 Padded Archer Armor
21:47 Castle Age
24:13 Double-Bit Axe
24:30 Crossbowman
25:22 Bodkin Arrow
25:43 Leather Archer Armor
25:26 Heated Shot
25:56 Ballistics
31:31 Gold Mining
31:34 Stone Mining
31:54 Horse Collar
38:58 Bow Saw
41:21 Imperial Age
41:23 Arbalester
42:10 Bracer
42:40 Ring Archer Armor
43:16 Chemistry
43:41 Two-Man Saw
43:08 Conscription
43:52 Bogsveigar
44:31 Pikeman
45:25 Scale Mail Armor
46:57 Chain Mail Armor
46:50 Squires
51:44 Spies/Treason
54:05 Atonement
DLC
0:38 Loom
13:21 Feudal Age
15:27 Double-Bit Axe
21:08 Castle Age
19:03 Gold Mining
19:03 Stone Mining
19:58 Horse Collar
20:44 Bloodlines
22:23 Forging
33:43 Husbandry
34:34 Scale Barding Armor
39:28 Bow Saw
40:11 Squires
43:38 Wheelbarrow
44:12 Heavy Plow
45:57 Pikeman
48:19 Gold Shaft Mining
178
1:00 Loom
10:49 Feudal Age
13:19 Double-Bit Axe
19:55 Horse Collar
22:43 Castle Age
21:46 Fletching
22:36 Stone Mining
23:30 Heavy Plow
23:40 Bow Saw
23:46 Bow Saw
26:35 Squires
27:24 Gold Mining
28:13 Pikeman
31:43 Caravan
33:38 Forging
34:38 Stone Shaft Mining
34:09 Elite Skirmisher
34:58 Bodkin Arrow
35:53 Gold Shaft Mining
36:03 Ballistics
35:24 Treadmill Crane
35:55 Masonry
37:05 Andean Sling
40:08 Arson
41:21 Iron Casting
40:47 Scale Mail Armor
45:15 Imperial Age
43:49 Champi Runner
44:53 Champi Warrior
46:55 Chemistry
45:57 Elite Champi Warrior
48:06 Blast Furnace
48:23 Chain Mail Armor
48:32 Halberdier
4A606L
0:29 Loom
11:47 Feudal Age
12:58 Double-Bit Axe
14:55 Gold Mining
15:13 Horse Collar
22:45 Castle Age
25:30 Bow Saw
26:07 Elite Skirmisher
51:12 Crossbowman
52:00 Thumb Ring
Connection lost

Rejoining the realm…

Still unreachable

The connection could not be restored.

Session expired

The server has moved on; the page needs a fresh start.